 Dungeon Crawl Stone Soup version 0.27-a0-1065-ge809cff456 (webtiles) character file.

Game seed: 6844292140989058328

9 Ijustatesigmund the Skirmisher (level 2, 22/24 HPs)
             Began as a Demonspawn Fighter on Apr 22, 2021.
             Quit the game on level 1 of the Dungeon.
             The game lasted 00:00:19 (54 turns).

Ijustatesigmund the Skirmisher (Demonspawn Fighter)   Turns: 54, Time: 00:00:20

Health: 22/24      AC:  6    Str: 16    XL:     2   Next: 3%
Magic:  2/2        EV:  7    Int:  9    God:
Gold:   0          SH:  8    Dex: 12    Spells: 1/1 levels left

rFire    . . .     SeeInvis .   a - +0 war axe
rCold    . . .     Faith    .   c - +0 kite shield
rNeg     . . .     Spirit   .   b - +0 scale mail
rPois    .         Reflect  .   (no helmet)
rElec    .         Harm     .   (no cloak)
rCorr    .         Rampage  .   (no gloves)
Will     .....                  (no boots)
Stlth    ..........             (no amulet)
HPRegen  0.08/turn              (no ring)
MPRegen  0.08/turn              (no ring)

@: no status effects
A: talons 1
a: no special abilities


You were on level 1 of the Dungeon.
You visited 1 branch of the dungeon, and saw 1 of its levels.

Inventory:

Hand Weapons
 a - a +0 war axe (weapon)
Armour
 b - a +0 scale mail (worn)
 c - a +0 kite shield (worn)
Scrolls
 e - a scroll of identify {unknown}
 f - a scroll of noise {unknown}
Potions
 d - a potion of might
 g - a potion of flight {unknown}


   Skills:
 + Level 3.1 Fighting
 * Level 2.2 Axes
 - Level 2.6 Armour
 + Level 0.5 Dodging
 - Level 2.6 Shields


You had one spell level left.
You didn't know any spells.
Your spell library was empty.

Dungeon Overview and Level Annotations

Branches:
Dungeon (1/15)

Altars:

Shops:
D:1 :


Innate Abilities, Weirdness & Mutations

You have sharp toenails.


Message History

You kill the goblin!
Your Axes skill increases to level 2!
No target in view!
No target in view!
No target in view!
No target in view!
No target in view!
g - a dark potion A kobold comes into view.
It is wielding a +0 short sword.
The kobold shouts!
An endoplasm comes into view.
The endoplasm quivers.
An endoplasm comes into view.
You barely miss the kobold. The kobold hits you but does no damage.
You block the kobold's attack.
You closely miss the kobold. The kobold hits you but does no damage.
The kobold barely misses you.
You slash the endoplasm!
You kill the endoplasm!
You barely miss the kobold. The kobold hits you but does no damage.
There are monsters nearby!
You closely miss the kobold. The kobold barely misses you.
You block the kobold's attack.
You hit the endoplasm.
The endoplasm is severely wounded.
You barely miss the kobold. You block the kobold's attack.
The endoplasm hits you. You block the kobold's attack.
You hit the endoplasm but do no damage.
The endoplasm is severely wounded.
You barely miss the kobold. You block the endoplasm's attack.
You block the kobold's attack.
The endoplasm hits you but does no damage.
You slash the endoplasm!
You kill the endoplasm!
You hit the kobold.
You kill the kobold!
You have reached level 2!
Your demonic ancestry asserts itself...
Your toenails lengthen and sharpen.
Are you sure you want to abandon this character and quit the game? (Confirm with "yes".)

#≈..........≈#
#≈.########.≈#.≈.#
#≈..........≈#.≈.####
#≈≈≈≈≈..≈≈≈≈≈#8≈.#..
######''######.≈.#.# #
.8..8..†.8..8..≈...##.##
≈≈≈≈≈≈..≈≈≈≈≈≈≈≈........
......††.........)....#
..........######@####
....................#
....................#
..............).....#
####.###...............
#. #............... #
#................
≈≈###########..... ∩≈≈
....


There were no monsters in sight!

Vanquished Creatures
  A bat (D:1)
  2 endoplasms (D:1)
  A goblin (D:1)
  A hobgoblin (D:1)
  A kobold (D:1)
  A rat (D:1)
7 creatures vanquished.

Notes
Turn   | Place    | Note
-------+----------+-------------------------------------------
     0 | D:1      | Ijustatesigmund the Demonspawn Fighter began the quest for
                  | the Orb.
     0 | D:1      | Reached XP level 1. HP: 18/18 MP: 1/1
    36 | D:1      | Found Beromn's Book Emporium.
    54 | D:1      | Gained mutation: You have sharp toenails. [demonic
                  | ancestry]
    54 | D:1      | Reached XP level 2. HP: 22/24 MP: 2/2
    54 | D:1      | Quit the game

Illustrated notes

Levels and vault maps discovered:
D:1:      lightli_arrival_isolated_outpost, layout_basic, serial_shops,
          shop_statue, nicolae_shop_waterfront, minivault_19, minmay_hexomino_c4

Skill      XL: |  1 |
---------------+----+-----
Axes           | 2 |  2.2
Fighting       | |  3.1
Armour         | |  2.6
Dodging        | |  0.5
Shields        | |  2.6

Action                   || total
-------------------------++-------
Melee: War axe           ||    14
Armor: Scale mail        ||    17
Dodge: Dodged            ||     5
Block: Kite shield       ||    15

Table legend: (Time is in decaauts)
 A = Elapsed time spent in this place.
 B = Non-inter-level travel time spent in this place.
 C = Inter-level travel time spent in this place.
 D = Time resting spent in this place.
 E = Time spent auto-exploring this place.
 F = Levels seen in this place.
 G = Mean time per level.
                   A        B        C        D        E       F      G
               +--------+--------+--------+--------+--------+-----+--------+
         Total |     63 |     63 |      0 |      0 |     26 |   1 |   63.0 |
       Dungeon |     63 |     63 |      0 |      0 |     26 |   1 |   63.0 |
               +--------+--------+--------+--------+--------+-----+--------+

Top non-repeatable levels by time:
     D:1: 63 daAuts
